 Dungeon Crawl Stone Soup version 0.29.1-15-g9cfb28693d (webtiles) character file.

Game seed: 6904962726723054447

116131 croobank the Unforgettable (level 16, 0/178 HPs)
             Began as a Demonspawn Fire Elementalist on Apr 14, 2023.
             Was the Champion of Hepliaklqana.
             Constricted to death by an anaconda (3 damage)
             ... on level 1 of the Snake Pit.
             The game lasted 02:00:30 (33689 turns).

croobank the Unforgettable (DsFE)                  Turns: 33689, Time: 02:00:31

Health: 0/178      AC: 28    Str: 10    XL:     16   Next: 20%
Magic:  29/29      EV: -1    Int: 33    God:    Hepliaklqana [******]
Gold:   290        SH:  0    Dex: 23    Spells: 13/34 levels left

rFire   + . .      SeeInvis .   v - +8 rapier of Gluttony {elec, rElec rN+}
rCold   . . .      Faith    .   (no shield)
rNeg    + . .      Spirit   .   (body armour currently unavailable)
rPois   +          Reflect  .   (helmet currently unavailable)
rElec   +          Harm     .   (cloak currently unavailable)
rCorr   .          Rampage  .   (gloves currently unavailable)
Will    ++...      Clarity  +   (boots currently unavailable)
Stlth   ++........ NoTele   +   S - amulet of magic regeneration
HPRegen 0.39/turn               o - +7 ring of intelligence
MPRegen 0.61/turn               W - ring of Omporchi {rF+ Int+3 Dex+9}

@: confused, mighty, tree-form, ambrosia-drunk, constricted, studying Unarmed
Combat
A: stationary, stasis, torment immunity, boosted hp, reduced essence, (antennae
2), rugged brown scales 3, ignite blood 1, powered by pain 2, clarity,
strong-willed 1, sense surroundings 1, MP-powered wands
a: Renounce Religion, Recall Ancestor, Ancestor Identity, Transference, Idealise


You were on level 1 of the Snake Pit.
You worshipped Hepliaklqana.
Hepliaklqana was exalted by your worship.
You were a tree.
You visited 5 branches of the dungeon, and saw 24 of its levels.

You collected 3068 gold pieces.
You spent 2778 gold pieces at shops.

Inventory:

Hand Weapons
 b - the +10 shortbow of Kuemu {flame, rC- Int+3}
   (You found it on level 14 of the Dungeon)

   Any ammunition fired from it burns those it strikes, dealing additional fire
   damage.
   Int:       It affects your intelligence (+3).
   rC:        It makes you vulnerable to cold.
 f - the +3 shortbow "Sisigret" {speed, Int+3}
   (You found it on level 13 of the Dungeon)

   Attacks with this weapon are significantly faster.
   Int:       It affects your intelligence (+3).
 u - a +3 eveningstar
 v - the +8 rapier of Gluttony (weapon) {elec, rElec rN+}
   (You found it on level 12 of the Dungeon)

   It occasionally discharges a powerful burst of electricity upon striking a
   foe.
   rElec:     It insulates you from electricity.
   rN:        It protects you from negative energy.
 y - a +1 war axe of electrocution
 M - a +2 vampiric dagger
 N - a +4 scimitar of flaming
Missiles
 p - 2 atropa-tipped darts
 G - a throwing net
 L - 4 boomerangs of dispersal
Armour
 a - a +1 buckler of reflection
 l - a scarf of repulsion
 A - a +1 pair of gloves (melded)
 B - +0 acid dragon scales
 D - the +2 hat of Light (melded) {Dex+4 Stlth+}
   (You found it on level 1 of the Orcish Mines)

   Dex:       It affects your dexterity (+4).
   Stlth:     It makes you more stealthy.
 F - a +0 pair of boots (melded)
 R - a +1 troll leather armour (melded) {Snorg}
 X - a scarf of resistance (melded)
Magical Staves
 i - a staff of death
 Z - a staff of conjuration
Jewellery
 k - a +6 ring of strength
 o - a +7 ring of intelligence (left branch)
 H - the ring of Tah Uqea {rN+ Int+2}
   (You took it off a kobold demonologist on level 12 of the Dungeon)

   [ring of positive energy]

   Int:       It affects your intelligence (+2).
   rN:        It protects you from negative energy.
 S - an amulet of magic regeneration (around neck)
 T - a +6 ring of strength
 W - the ring of Omporchi (right branch) {rF+ Int+3 Dex+9}
   (You bought it in a shop on level 1 of the Dungeon)

   [ring of dexterity]

   Int:       It affects your intelligence (+3).
   Dex:       It affects your dexterity (+9).
   rF:        It protects you from fire.
Wands
 r - a wand of acid (3)
 w - a wand of paralysis (12)
 E - a wand of digging (8)
 I - a wand of flame (38)
 O - a wand of roots (9)
Scrolls
 c - 8 scrolls of teleportation
 h - 7 scrolls of magic mapping
 q - a scroll of immolation
 J - 4 scrolls of vulnerability
 P - 12 scrolls of identify
 Q - 7 scrolls of poison
 U - a scroll of silence
 V - 4 scrolls of amnesia
Potions
 d - a potion of magic
 e - 8 potions of mutation
 g - 3 potions of attraction
 m - 2 potions of cancellation
 s - 6 potions of brilliance
 t - 7 potions of curing
 x - 3 potions of lignification
 C - 4 potions of flight
 K - a potion of resistance {unknown}
 Y - a potion of might {unknown}
Miscellaneous
 j - a phial of floods


   Skills:
 + Level 10.4 Fighting
 + Level 9.8 Dodging
 + Level 10.6 Stealth
 * Level 1.6 Shields
 - Level 1.5 Unarmed Combat
 - Level 9.7 Spellcasting
 - Level 10.6 Conjurations
 - Level 4.0 Hexes
 - Level 10.0 Fire Magic
 * Level 1.4 Ice Magic
 * Level 4.7 Air Magic
 * Level 5.4 Poison Magic
 * Level 17.2 Invocations


You had 13 spell levels left.
You knew the following spells:

 Your Spells              Type           Power      Damage    Failure   Level
a - Foxfire               Conj/Fire      100%       2x1d9     1%          1
b - Scorch                Fire           100%       2d10      1%          2
c - Flame Wave            Conj/Fire      71%        2d16      1%          4
d - Inner Flame           Hex/Fire       58%        N/A       1%          3
e - Mephitic Cloud        Conj/Pois/Air  57%        N/A       1%          3
f - Dazzling Flash        Conj/Hex       100%       N/A       1%          3
g - Freezing Cloud        Conj/Ice/Air   26%        6-21      9%          5

Your spell library contained the following spells:

 Spells                   Type           Power      Damage    Failure   Level
 Magic Dart               Conj           100%       1d8       1%          1
 Conjure Flame            Conj/Fire      71%        6-21      1%          3
 Stone Arrow              Conj/Erth      100%       3d13      1%          3
 Tukima's Dance           Hex            42%        N/A       1%          3
 Sticky Flame             Conj/Fire      71%        2d8       1%          4
 Sandblast                Erth           32%        2d9       3%          1
 Portal Projectile        Hex/Tloc       58%        N/A       3%          3
 Call Imp                 Summ           16%        N/A       4%          2
 Passwall                 Tmut/Erth      13%        N/A       4%          2
 Starburst                Conj/Fire      35%        6d10      6%          6
 Gell's Gravitas          Tloc           16%        N/A       9%          3
 Lesser Beckoning         Tloc           16%        N/A       9%          3
 Teleport Other           Tloc           16%        N/A       9%          3
 Silence                  Hex/Air        22%        N/A       14%         5
 Agony                    Necr           16%        N/A       63%         5
 Blade Hands              Tmut           8%         N/A       63%         5
 Ignition                 Fire           35%        3d11      97%         8
 Simulacrum               Ice/Necr       10%        N/A       98%         6
 Fire Storm               Conj/Fire      35%        8d9       100%        9
 Polar Vortex             Ice            12%        N/A       100%        9


Dungeon Overview and Level Annotations

Branches:
Dungeon (15/15)            Temple (1/1) D:6            Lair (5/5) D:9
 Shoals (0/4) Lair:2        Snake (1/4) Lair:3        Slime (0/5) Lair:4
    Orc (2/2) D:9             Elf (0/3) Orc:2        Vaults (0/5) D:13
 Depths (0/4) D:15

Altars:
Cheibriados
Dithmenos
Fedhas
Gozag
Hepliaklqana
Kikubaaqudgha
Makhleb
Nemelex Xobeh
Qazlal
Ru
Uskayaw
Vehumet
Wu Jian
Xom
Jiyva
Lugonu

Shops:
D:1 =   D:2 =   D:6 *   D:12 (   D:15 ((??   Orc:2 [:!!?   Snake:1 =**!

Portals:
Abyss: Lair:5
Pandemonium: Orc:2
Trove: D:12 (show slimy rune of Zot)

Annotations:
D:2 Terence
D:10 exclusion: statue
Lair:4 1 runed translucent door


Innate Abilities, Weirdness & Mutations

You are a tree.
Your roots penetrate the ground, keeping you stationary.
You cannot be teleported.
You are immune to unholy pain and torment.
Your maximum health is greatly increased.
Your equipment is partially melded.
Your life essence is reduced to manifest your ancestor. (-10% HP)
((You have a pair of antennae on your head.))
(You are completely covered in rugged brown scales. (AC +3, +7% HP))
Your demonic aura sometimes causes spilled blood to erupt in flames.
You sometimes gain power by taking damage.
You possess an exceptional clarity of mind.
You are strong-willed. (Will+)
You passively map a small area around you.
You expend magic power (3 MP) to strengthen your wands.


Message History

Okay, then.
Casting: Scorch (safe; 1% risk of failure)
Confirm with . or Enter, or press ? or * to list all spells.
Casting: Dazzling Flash (safe; 1% risk of failure)
Press: ? - help, Dir - look around, f - activate The anaconda bites you!
* * * LOW HITPOINT WARNING * * *
The anaconda barely misses you. The anaconda constricts you.
* * * LOW HITPOINT WARNING * * *
The anaconda misses you. The anaconda completely misses you.
The anaconda constricts you.
* * * LOW HITPOINT WARNING * * *
You are confused.
You feel invigorated. The anaconda barely misses you.
The anaconda closely misses you. The anaconda constricts you.
* * * LOW HITPOINT WARNING * * *
The anaconda barely misses you.
Really quaff the potion of lignification?
You turn into a tree.
Your scarf of resistance melds into your body.
The +2 hat of Light {Dex+4 Stlth+} melds into your body.
Your +1 pair of gloves melds into your body.
Your +0 pair of boots melds into your body.
Your +1 troll leather armour {Snorg} melds into your body.
You feel hot and cold all over.
Your roots penetrate the ground.
The anaconda bites you but does no damage.
The anaconda constricts you.
The anaconda bites you but does no damage. x2
The anaconda constricts you.
* * * LOW HITPOINT WARNING * * *
The anaconda bites you but does no damage.
You're too confused to cast spells.
Unknown command.
You swing at nothing.
The anaconda bites you but does no damage.
The anaconda constricts you. The anaconda bites you!
* * * LOW HITPOINT WARNING * * *
The anaconda bites you but does no damage.
The anaconda constricts you.
You die...

, *** , , * ###.###..# ,,*
{*, {* ##..)###.# **####
*#####.....##.#
##..####...)..).).'.#
######........####.).#####
#................#.).#
###...######.....#.).#
#...# ###...#.<.#
##..†##### ##S♣#...#*
##...S...S######S##### *
#.....###SS.{{SSS# ,* ,
..SS####S.N####S## *
..S####.....###.#* ,
.S####....N..#### ,
.####.S..∩....## , ,,,
####...........##, ,*
.##.............# , , * *


You could see 3 anacondas, a shock serpent and a black mamba.

Vanquished Creatures
  Frances (D:13)
  A dire elephant (D:15)
  An ettin (shapeshifter) (Lair:5)
  An ettin (Orc:1)
  An ice dragon (D:12)
  2 boulder beetles
  6 hydras
  2 vault guards (D:13)
  Erica (D:11)
  2 demonspawn (Orc:2)
  4 centaur warriors
  3 two-headed ogres
  2 catoblepae
  5 tengu warriors
  A death knight (D:15)
  A thrashing horror (Lair:5)
  A naga sharpshooter (Snake:1)
  4 orc high priests (Orc:2)
  A shock serpent (Snake:1)
  Urug (Orc:1)
  A skeletal warrior (D:12)
  Lodul (D:11)
  A naga ritualist (Snake:1)
  3 orc knights
  A deep elf zephyrmancer (Orc:1)
  2 necromancers (D:13)
  2 wizards (D:13)
  Pikel (D:6)
  6 ugly things
  A mana viper (shapeshifter) (Lair:5)
  4 orc sorcerers (Orc:2)
  A deep elf pyromancer (D:12)
  2 wolf spiders
  2 cyclopes (D:12)
  2 manticores
  15 black mambas
  6 elephants
  3 naga magi (Snake:1)
  10 cane toads
  2 orange demons (Orc:2)
  Maggie (D:7)
  An unseen horror (D:10)
  2 rime drakes
  A kobold demonologist (D:12)
  A tengu conjurer (D:14)
  6 komodo dragons
  An ancient zyme (Lair:5)
  3 trolls
  A hornet (D:10)
  5 slime creatures
  22 blink frogs
  4 dream sheep (Lair:3)
  A centaur simulacrum (D:12)
  2 shadows
  A ynoxinul (Lair:5)
  31 yaks
  12 humans (D:13)
  2 wraiths
  5 wyverns
  9 basilisks
  Eustachio (D:4)
  A hog (shapeshifter) (D:15)
  4 vampire mosquitoes
  A steam dragon (D:8)
  2 wargs
  Menkaure (D:5)
  2 nagas (Snake:1)
  An acid dragon (D:11)
  11 water moccasins
  23 orc warriors
  A meliai simulacrum (D:12)
  5 black bears
  An ice beast (D:5)
  A swamp drake (Orc:1)
  6 ogres
  14 centaurs
  A wolf (shapeshifter) (Lair:5)
  12 wolves
  A lemure (D:5)
  2 phantoms
  2 necrophages
  4 bullfrogs
  A jelly (D:6)
  A scorpion (D:7)
  4 wights
  3 killer bees (D:11)
  An electric eel (Lair:1)
  2 howler monkeys
  A gnoll bouda (D:8)
  21 orc priests
  3 hounds
  3 iguanas
  4 small abominations (Lair:5)
  Natasha (thrice) (D:3)
  11 orc wizards
  6 gnolls (D:8)
  3 adders
  2 white imps
  An ufetubus (D:5)
  2 worms (D:3)
  69 orcs
  2 bats (D:1)
  8 endoplasms
  5 giant cockroaches
  5 goblins
  4 hobgoblins
  2 jackals (D:1)
  2 quokkas
  7 ball pythons
  12 frilled lizards
  15 kobolds
  2 rats (D:3)
  A foxfire (D:12)
521 creatures vanquished.

Vanquished Creatures (collateral kills)
  Snorg (D:11)
  A fire dragon (shapeshifter) (D:13)
  2 vault guards (D:13)
  3 hydras
  Harold (Orc:1)
  A boulder beetle (Lair:5)
  A centaur warrior (D:13)
  A tengu warrior (D:13)
  3 orc high priests (Orc:2)
  3 thrashing horrors (Lair:5)
  A soul eater (Orc:2)
  A lindwurm (shapeshifter) (D:15)
  A necromancer (D:13)
  A harpy (shapeshifter) (Lair:5)
  A deep elf pyromancer (D:15)
  4 ugly things
  3 orc knights (Orc:2)
  A deep elf zephyrmancer (Orc:1)
  2 manticores
  A cyclops (D:12)
  9 elephants
  2 black mambas (Snake:1)
  2 naga magi (Snake:1)
  5 cane toads
  A kobold demonologist (D:12)
  An unseen horror (D:12)
  A gargoyle (D:11)
  5 komodo dragons
  An efreet (D:13)
  2 rime drakes (Lair:5)
  A tengu conjurer (D:13)
  2 trolls
  4 blink frogs
  8 dream sheep (Lair:3)
  7 slime creatures
  A spriggan (Lair:5)
  2 ynoxinuls (Lair:5)
  4 humans (D:13)
  A yak (shapeshifter) (D:14)
  2 wraiths
  2 wyverns
  10 yaks
  2 basilisks
  3 vampire mosquitoes
  A chaos spawn (Orc:2)
  A steam dragon (Lair:3)
  4 wargs (Orc:1)
  9 water moccasins
  4 small abominations (Lair:5)
  8 orc warriors
  4 ogres
  10 wolves
  6 centaurs
  A kobold brigand (D:9)
  2 bullfrogs
  A gnoll sergeant (D:8)
  2 wights (D:9)
  A killer bee (D:11)
  A howler monkey (D:11)
  A crimson imp (Orc:1)
  An iron imp (Orc:1)
  4 orc priests
  9 orc wizards
  A gnoll (D:8)
  A shadow imp (Orc:1)
  16 orcs
  33 foxfires
232 creatures vanquished.

Vanquished Creatures (others)
  32 battlemagi
  6 ancestors
  1766 foxfires
  29 fungi
  66 plants
1899 creatures vanquished.

Grand Total: 2652 creatures vanquished

Notes
Turn   | Place    | Note
-------+----------+-------------------------------------------
     0 | D:1      | croobank the Demonspawn Fire Elementalist began the quest
                  | for the Orb.
     0 | D:1      | Reached XP level 1. HP: 13/13 MP: 3/3
    96 | D:1      | Found Foaka's One-of-a-Kind Rings.
   496 | D:1      | Gained mutation: You sometimes gain a little power by
                  | taking damage. [demonic ancestry]
   496 | D:1      | Reached XP level 2. HP: 19/19 MP: 0/5
   550 | D:1      | Learned a level 2 spell: Scorch
   887 | D:2      | Found Ylixoecwo's Jewellery Boutique.
  1839 | D:2      | Noticed Terence
  1875 | D:2      | Gained mutation: Your demonic aura sometimes causes spilled
                  | blood to erupt in flames. [demonic ancestry]
  1875 | D:2      | Reached XP level 3. HP: 25/25 MP: 1/6
  1923 | D:2      | Found a stormy altar of Qazlal.
  2556 | D:2      | Found a faded altar of an unknown god.
  2998 | D:3      | Noticed Natasha
  3009 | D:3      | Killed Natasha
  3010 | D:3      | Reached skill level 1 in Fighting
  3010 | D:3      | Gained mutation: You have a pair of small antennae on your
                  | head. [demonic ancestry]
  3010 | D:3      | Reached XP level 4. HP: 16/32 MP: 0/7
  3273 | D:3      | Noticed Natasha
  3283 | D:3      | Killed Natasha
  3330 | D:3      | Noticed Natasha
  3339 | D:3      | Killed Natasha
  3779 | D:3      | Gained mutation: You are partially covered in rugged brown
                  | scales. (AC +1, +3% HP) [demonic ancestry]
  3779 | D:3      | Reached XP level 5. HP: 31/37 MP: 3/9
  4722 | D:4      | Noticed a black bear
  4728 | D:4      | Killed a black bear
  5190 | D:4      | Noticed Eustachio
  5194 | D:4      | Reached XP level 6. HP: 45/45 MP: 5/10
  5208 | D:4      | Killed Eustachio
  5555 | D:5      | Entered Level 5 of the Dungeon
  5697 | D:5      | Gained mutation: You have a pair of antennae on your head.
                  | [demonic ancestry]
  5697 | D:5      | Reached XP level 7. HP: 52/52 MP: 3/12
  6097 | D:5      | Noticed Menkaure
  6103 | D:5      | Killed Menkaure
  6318 | D:6      | Noticed Pikel
  6384 | D:6      | Killed Pikel
  6385 | D:6      | Reached XP level 8. HP: 7/61 MP: 6/14
  6714 | D:6      | Learned a level 4 spell: Flame Wave
  6944 | D:6      | Found Ejiol's General Store.
  6945 | D:6      | Gained mutation: You are frail. (-10% HP) [potion of
                  | mutation]
  6945 | D:6      | Gained mutation: You are very frail. (-20% HP) [potion of
                  | mutation]
  6945 | D:6      | Gained mutation: You passively map a small area around you.
                  | [potion of mutation]
  6945 | D:6      | Gained mutation: You have hidden genetic potential. [potion
                  | of mutation]
  6946 | D:6      | Lost mutation: You are very frail. (-20% HP) [potion of
                  | mutation]
  6946 | D:6      | Lost mutation: You are frail. (-10% HP) [potion of
                  | mutation]
  6946 | D:6      | Gained mutation: You are strong-willed. (Will+) [potion of
                  | mutation]
  7011 | D:6      | Bought a scroll of teleportation for 42 gold pieces
  7011 | D:6      | Bought a scroll of identify for 28 gold pieces
  7011 | D:6      | Bought a scroll of identify for 28 gold pieces
  7051 | D:6      | Found a staircase to the Ecumenical Temple.
  7133 | Temple   | Entered the Ecumenical Temple
  7155 | Temple   | Became a worshipper of Hepliaklqana the Forgotten
  7243 | D:6      | Reached skill level 1 in Invocations
  7567 | D:6      | Reached skill level 2 in Invocations
  7893 | D:7      | Reached skill level 5 in Fire Magic
  8273 | D:7      | Reached XP level 9. HP: 63/67 MP: 9/15
  8492 | D:7      | Reached skill level 3 in Invocations
  8494 | D:7      | Found an ancient bone altar of Kikubaaqudgha.
  8636 | D:7      | Reached skill level 5 in Stealth
  8827 | D:7      | Noticed Maggie
  8835 | D:7      | Killed Maggie
  8836 | D:7      | Reached skill level 5 in Conjurations
  8836 | D:7      | Reached skill level 4 in Invocations
  9175 | D:7      | Found a burning altar of Makhleb.
  9819 | D:8      | Reached skill level 5 in Spellcasting
  9819 | D:8      | Reached skill level 5 in Invocations
  9859 | D:8      | Reached * piety under Hepliaklqana
  9971 | D:8      | Reached skill level 5 in Dodging
 10078 | D:8      | Reached skill level 5 in Fighting
 10173 | D:8      | Found a stormy altar of Qazlal.
 10680 | D:9      | Noticed a troll
 10689 | D:9      | Killed a troll
 10885 | D:9      | Reached skill level 6 in Invocations
 11027 | D:9      | Noticed a troll
 11038 | D:9      | Killed a troll
 11137 | D:9      | Reached XP level 10. HP: 68/68 MP: 4/17
 11487 | D:9      | Noticed a two-headed ogre
 11496 | D:9      | Killed a two-headed ogre
 11511 | D:9      | Gained mutation: You possess an exceptional clarity of
                  | mind. [hidden potential]
 11561 | D:9      | Found a staircase to the Lair.
 12195 | D:9      | Reached skill level 7 in Invocations
 12483 | D:9      | Found a blossoming altar of Fedhas.
 12924 | D:9      | Found a staircase to the Orcish Mines.
 12993 | D:9      | Reached skill level 8 in Invocations
 13001 | D:9      | Found an ornate altar of the Wu Jian Council.
 13262 | D:10     | Entered Level 10 of the Dungeon
 13522 | D:10     | Noticed a purple ugly thing
 13630 | D:10     | Reached XP level 11. HP: 74/75 MP: 7/20
 13805 | D:10     | Reached ** piety under Hepliaklqana
 13806 | D:10     | Remembered your ancestor Demetirus as a battlemage
 13823 | D:10     | Found a shadowy altar of Dithmenos.
 13978 | D:10     | Found a hide-covered altar of Uskayaw.
 14007 | D:10     | Killed a purple ugly thing
 14459 | D:10     | Found a radiant altar of Vehumet.
 14500 | D:11     | Reached skill level 9 in Invocations
 14502 | D:11     | Noticed a red ugly thing
 14519 | D:11     | Gained mutation: You expend magic power (3 MP) to
                  | strengthen your wands. [hidden potential]
 14519 | D:11     | Lost mutation: You have hidden genetic potential. [hidden
                  | potential expressed]
 14594 | D:11     | Killed a red ugly thing
 14659 | D:11     | Noticed Erica
 14668 | D:11     | Killed Erica
 14683 | D:11     | Noticed Lodul
 14883 | D:11     | Paralysed by Lodul for 4 turns
 14891 | D:11     | Killed Lodul
 15026 | D:11     | Reached skill level 10 in Invocations
 15483 | D:11     | Noticed Snorg
 15490 | D:11     | Killed Snorg
 16072 | D:1      | Bought a +7 ring of intelligence for 585 gold pieces
 16554 | D:12     | Found Gen Rapa's Weapon Shoppe.
 16932 | D:12     | Noticed an ice dragon
 16947 | D:12     | HP: 2/78 [ice dragon (5)]
 16948 | D:12     | Killed an ice dragon
 17066 | D:12     | Noticed a deep elf pyromancer
 17068 | D:12     | Identified the ring of Tah Uqea {rN+ Int+2}
 17072 | D:12     | Killed a deep elf pyromancer
 17173 | D:12     | Identified the +8 rapier of Gluttony {elec, rElec rN+}
 17175 | D:12     | Noticed a boulder beetle
 17370 | D:2      | Bought an amulet of magic regeneration for 420 gold pieces
 17538 | Lair:1   | Entered Level 1 of the Lair of Beasts
 17792 | Lair:1   | Gained mutation: You sometimes gain power by taking damage.
                  | [demonic ancestry]
 17792 | Lair:1   | Reached XP level 12. HP: 84/84 MP: 20/22
 17794 | Lair:1   | Reached skill level 11 in Invocations
 17856 | Lair:1   | Noticed a four-headed hydra
 17880 | Lair:1   | Killed a three-headed hydra
 18816 | Lair:1   | Identified a scroll of acquirement
 18817 | Lair:1   | Acquired Kalobb's Handbook of Calefaction
 18851 | Lair:1   | Reached *** piety under Hepliaklqana
 19175 | Lair:2   | Reached skill level 12 in Invocations
 19249 | Lair:2   | Learned a level 3 spell: Inner Flame
 19250 | Lair:2   | Found a staircase to the Shoals.
 19980 | Lair:3   | Found a staircase to the Snake Pit.
 20038 | Lair:3   | Reached XP level 13. HP: 90/91 MP: 12/24
 20182 | Lair:3   | Reached skill level 13 in Invocations
 20285 | Lair:3   | HP: 4/91 [poisoned by a cane toad]
 20616 | Lair:4   | Reached **** piety under Hepliaklqana
 21431 | Lair:4   | Found a runed translucent door.
 21432 | Lair:4   | Found a viscous altar of Jiyva.
 21432 | Lair:4   | Found a staircase to the Slime Pits.
 21432 | Lair:4   | Noticed an azure jelly
 21432 | Lair:4   | Noticed an azure jelly
 21432 | Lair:4   | Noticed an azure jelly
 21815 | Lair:5   | Entered Level 5 of the Lair of Beasts
 21854 | Lair:5   | Reached ***** piety under Hepliaklqana
 21877 | Lair:5   | Reached skill level 14 in Invocations
 22649 | Lair:5   | Gained mutation: You are mostly covered in rugged brown
                  | scales. (AC +2, +5% HP) [demonic ancestry]
 22649 | Lair:5   | Reached XP level 14. HP: 64/102 MP: 23/26
 23119 | Lair:5   | Reached skill level 15 in Invocations
 23647 | Lair:5   | Found a corrupted altar of Lugonu.
 23647 | Lair:5   | Found a one-way gate to the infinite horrors of the Abyss.
 23995 | Orc:1    | Entered Level 1 of the Orcish Mines
 24281 | Orc:1    | Reached skill level 1 in Hexes
 24282 | Orc:1    | Identified the +2 hat of Light {Dex+4 Stlth+}
 24447 | Orc:1    | Noticed Urug
 24454 | Orc:1    | Killed Urug
 24730 | Orc:1    | Noticed Harold
 24741 | Orc:1    | Killed Harold
 24807 | Orc:2    | Entered Level 2 of the Orcish Mines
 24970 | Orc:2    | Found Pyhodis's Magic Scroll Emporium.
 25067 | Orc:2    | Bought a scroll of butterflies for 68 gold pieces
 25570 | Orc:2    | Learned a level 3 spell: Mephitic Cloud
 25654 | Orc:2    | Reached skill level 10 in Stealth
 25719 | Orc:2    | Found Ynnot's Distillery.
 25829 | Orc:2    | Found Xoop's Distillery.
 25865 | Orc:2    | Reached skill level 1 in Poison Magic
 25880 | Orc:2    | Bought a potion of heal wounds for 50 gold pieces
 25880 | Orc:2    | Bought a potion of magic for 80 gold pieces
 25880 | Orc:2    | Bought a potion of heal wounds for 50 gold pieces
 25882 | Orc:2    | Bought a potion of heal wounds for 60 gold pieces
 26010 | Orc:2    | Reached skill level 10 in Conjurations
 26082 | Orc:1    | Reached skill level 1 in Air Magic
 26208 | Orc:2    | Learned a level 3 spell: Dazzling Flash
 26250 | Orc:2    | Reached skill level 16 in Invocations
 26294 | Orc:2    | Reached XP level 15. HP: 83/109 MP: 1/28
 26689 | Orc:2    | Found a staircase to the Elven Halls.
 26929 | Orc:2    | Found Lafer's Book Boutique.
 26929 | Orc:2    | Found Dodeg's Antique Armour Shop.
 26934 | Orc:2    | Found a one-way gate leading to the halls of Pandemonium.
 27312 | D:12     | Found a portal to a secret trove of treasure.
 27600 | D:12     | Reached skill level 10 in Fighting
 28933 | D:13     | Found a gate to the Vaults.
 28938 | D:13     | Identified the +3 shortbow "Sisigret" {speed, Int+3}
 29458 | D:13     | Noticed Frances
 29469 | D:13     | Killed Frances
 30088 | D:14     | Identified the +10 shortbow of Kuemu {flame, rC- Int+3}
 31183 | D:15     | Entered Level 15 of the Dungeon
 31291 | D:15     | Reached skill level 17 in Invocations
 31334 | D:15     | Found Feus Poff's Weapon Shop.
 31381 | D:15     | Found Byemue's Weapon Boutique.
 31869 | D:1      | Bought the ring of Omporchi {rF+ Int+3 Dex+9} for 1277 gold
                  | pieces
 32228 | D:15     | Reached ****** piety under Hepliaklqana
 32371 | D:15     | Found Gausk's Magic Scroll Shoppe.
 32382 | D:15     | Reached skill level 1 in Unarmed Combat
 32383 | D:15     | Reached skill level 10 in Fire Magic
 32398 | D:15     | Bought a scroll of enchant weapon for 90 gold pieces
 32437 | D:15     | Gained mutation: You are completely covered in rugged brown
                  | scales. (AC +3, +7% HP) [demonic ancestry]
 32437 | D:15     | Reached XP level 16. HP: 108/119 MP: 29/29
 32769 | D:15     | Found Tenete Zodd's Magic Scroll Shop.
 32901 | D:15     | Reached skill level 5 in Poison Magic
 33013 | D:15     | Found a staircase to the Depths.
 33277 | Lair:3   | Learned a level 5 spell: Freezing Cloud
 33278 | Snake:1  | Entered Level 1 of the Snake Pit
 33283 | Snake:1  | Reached skill level 1 in Shields
 33305 | Snake:1  | Reached skill level 1 in Ice Magic
 33614 | Snake:1  | Found Yxelut's Jewellery Shoppe.
 33665 | Snake:1  | Found Ubym's General Store.
 33666 | Snake:1  | Found Ohock's Distillery.
 33666 | Snake:1  | Found Jeriosm's General Store.
 33686 | Snake:1  | HP: 5/119 [constriction (3)]
 33686 | Snake:1  | HP: 2/119 [constriction (3)]
 33689 | Snake:1  | Constricted to death by an anaconda

Illustrated notes

Levels and vault maps discovered:
D:1:      reono_arrival_forest_river, layout_rooms, nicolae_shop_unique_rings
D:2:      layout_basic, serial_shops, nicolae_shop_stone,
          shapermc_ecumenical_altar_mp_vishouse, basic_altar, uniq_terence
D:3:      layout_basic, minmay_lizard_king, uniq_natasha
D:4:      black_bear_nest_2, layout_cave_pools, serial_glass, glass_columns_a,
          glass_columns_a, minivault_19, uniq_eustachio
D:5:      layout_rooms, uniq_menkaure
D:6:      layout_basic, minmay_temple_entry_purple_smoke, serial_shops,
          kennysheep_mini, uniq_pikel
D:7:      layout_loops_ring, mainiacjoe_overflow_concentric_impassable,
          lemuel_round_altar, zin_academy, uniq_maggie
D:8:      layout_loops_corners, nicolae_qazlal_general_emergency, serial_glass,
          glass_columns_c, glass_columns_c, kennysheep_generic_room_6
D:9:      layout_small_grid, mainiacjoe_overflow_alcove_2, lemuel_crystal_altar,
          lair_entry_dummy, hiddenorc2_lemuel, minmay_puff
D:10:     layout_long_grid, mainiacjoe_overflow_small_starburst, vehumet_statue,
          mainiacjoe_overflow_surrounded_room
D:11:     layout_rooms, uniq_snorg, uniq_lodul, uniq_erica
D:12:     minmay_the_grid_4x2 [minmay_the_grid_dragon_a,
          minmay_the_grid_plusring, minmay_the_grid_dragon_b,
          minmay_the_grid_tri_star, minmay_the_grid_paths,
          minmay_the_grid_stretched_grid, minmay_the_grid_small_cups,
          minmay_the_grid_prize_four_corners], layout_basic, enter_trove_3,
          serial_shops, nicolae_take_the_stairs
D:13:     layout_gridville, grunt_vaults_entry_tiered, uniq_frances
D:14:     layout_layer_cave, hangedman_decor_diamond_cutter,
          kennysheep_generic_room_11
D:15:     hangedman_depths_entry_try_elsewhere_first, layout_basic,
          nicolae_wwwww, serial_shops, nicolae_square_shop, shop,
          shop_fountains, shop
Temple:   dshaligram_water_room_temple
Lair:1:   layout_regular_city, serial_bayou_lagoon_a
Lair:2:   layout_cave_shapes, minmay_shoals_entry_centaurs,
          amcnicky_mini_pool_medium
Lair:3:   layout_cave_shapes, minmay_snake_entry_six_corridors
Lair:4:   layout_regular_city, slime_entry_2, grunt_megastairs_2
Lair:5:   hellmonk_lair_end_abyssal_woods, layout_regular_city
Snake:1:  layout_layer_cave, serial_shops, nicolae_square_shop,
          grunt_ministairs_14, st_stairs_13, nicolae_snake_scaly_snakehead,
          minmay_shoptagon
Orc:1:    layout_caves, hangedman_minor_magic, uniq_harold, uniq_urug
Orc:2:    pf_orc_diabolical, layout_caves, serial_shops, nicolae_shop_waterfront

Skill      XL: |  1  2  3  4  5  6  7  8  9 10 11 12 13 14 15 16 |
---------------+-------------------------------------------------+-----
Stealth        | 2 3 4 5 6 7 8 9 10 | 10.6
Dodging        | 2 3 4 5 6 7 8 9 |  9.8
Fire Magic     | 3 4 5 6 7 8 9 10 | 10.0
Fighting       | 1 2 3 4 5 6 7 8 9 10 | 10.4
Conjurations   | 2 3 4 5 6 7 8 9 10 | 10.6
Spellcasting   | 3 4 5 6 7 8 9 |  9.7
Invocations    | 2 6 8 10 12 14 16 17 | 17.2
Hexes          | 2 4 |  4.0
Poison Magic   | 1 4 5 |  5.4
Air Magic      | 1 4 |  4.7
Unarmed Combat | 1 |  1.5
Shields        | 1 |  1.6
Ice Magic      | 1 |  1.4

Action                   |  1- 3 |  4- 6 |  7- 9 | 10-12 | 13-15 | 16-18 || total
-------------------------+-------+-------+-------+-------+-------+-------++-------
Melee: Unarmed           |     6 |       |       |       |       |       ||     6
       Dagger            |     8 |       |       |       |       |     1 ||     9
       Short sword       |       |    35 |       |    38 |       |       ||    73
       Falchion          |       |     1 |    23 |       |       |       ||    24
       Punch             |       |       |     2 |       |     3 |       ||     5
       Rapier            |       |       |       |    27 |    78 |     1 ||   106
       Scimitar          |       |       |       |     2 |       |       ||     2
 Fire: Sling             |    10 |       |    41 |     7 |       |       ||    58
       Shortbow          |       |       |       |       |    54 |    15 ||    69
Throw: Dart              |       |     2 |       |     2 |       |       ||     4
 Cast: Foxfire           |    38 |    38 |   108 |   308 |   547 |    20 ||  1059
       Scorch            |    13 |    31 |    89 |   212 |   502 |    31 ||   878
       Flame Wave        |       |       |       |     4 |     9 |     1 ||    14
       Inner Flame       |       |       |       |       |     4 |       ||     4
       Mephitic Cloud    |       |       |       |       |     2 |       ||     2
       Dazzling Flash    |       |       |       |       |       |     3 ||     3
       Freezing Cloud    |       |       |       |       |       |     1 ||     1
Invok: Recall Ancestor   |       |       |       |     1 |     1 |       ||     2
       Ancestor Life: Ba |       |       |       |     1 |       |       ||     1
       Idealise          |       |       |       |       |     2 |       ||     2
Evoke: Wand              |       |       |       |     6 |    11 |     3 ||    20
  Use: Scroll            |     4 |     6 |    11 |    12 |    11 |     2 ||    46
       Potion            |     1 |     2 |     4 |     2 |     7 |     4 ||    20
 Stab: Sleeping          |     1 |       |       |       |     1 |     1 ||     3
       Paralysed         |       |       |       |     4 |       |       ||     4
       Distracted        |       |       |       |     1 |     2 |       ||     3
Armor: Robe              |     5 |     4 |     5 |       |       |       ||    14
       Acid dragon scale |       |       |     6 |       |       |       ||     6
       Troll leather arm |       |       |       |    54 |   114 |    14 ||   182
       Skin              |       |       |       |       |       |     6 ||     6
Dodge: Dodged            |    26 |    16 |    45 |   178 |   342 |    78 ||   685
       Repelled          |       |       |     1 |     3 |       |       ||     4
